 Dungeon Crawl Stone Soup version 0.31.0-11-ge490571c62 (webtiles) character file.

Game seed: 13958842702867787289

18998 Aldia the Unseen (level 12, 0/70 HPs)
             Began as a Vampire Enchanter on Feb 9, 2024.
             Was an Elder of Kikubaaqudgha.
             Slain by an eleionoma (5 damage)
             ... on level 2 of the Lair of Beasts.
             The game lasted 00:36:38 (11465 turns).

Aldia the Unseen (Vampire Enchanter)               Turns: 11465, Time: 00:36:38

Health: 0/70       AC: 17    Str:  7    XL:     12   Next: 32%
Magic:  7/20       EV: 33    Int: 21    God:    Kikubaaqudgha [****..]
Gold:   1020       SH:  0    Dex: 24    Spells: 4/22 levels left

rFire   . . .        l - +3 dagger (drain)
rCold   + + +        (no shield)
rNeg    + + +        o - +4 leather armour of Philately {Dex+2}
rPois   ∞            m - +2 hat
rElec   .            G - +2 cloak
rCorr   .            L - +3 pair of gauntlets of War {Slay+5}
SInv    +            v - +0 pair of boots of Puptioziom {Fly}
Will    +....        Q - amulet of the acrobat
Stlth   ++++++++     g - ring of Saemisk {rC+ rN+}
HPRegen 0.00/turn    E - +6 ring of dexterity
MPRegen 0.17/turn

%: acrobat
@: acrobatic, animating dead, flying, bloodless, inhibited regen
A: bloodless, fangs 3, see invisible, vampiric 2
a: Bat Form, Revivify, Renounce Religion, Unearth Wretches


You were on level 2 of the Lair of Beasts.
You worshipped Kikubaaqudgha.
Kikubaaqudgha was greatly pleased with you.
You visited 3 branches of the dungeon, and saw 15 of its levels.
You also visited: Bailey.

You collected 1020 gold pieces.

Inventory:

Hand Weapons
 l - a +3 dagger of draining (weapon)
 r - a +5 dagger
Missiles
 p - 16 throwing nets (quivered)
Armour
 m - a +2 hat (worn)
 o - the +4 leather armour of Philately (worn) {Dex+2}
   (You found it on level 2 of the Dungeon)

   Dex+2:     It affects your dexterity (+2).
 v - the +0 pair of boots of Puptioziom (worn) {Fly}
   (You found it on level 3 of the Dungeon)

   Fly:       It grants you flight.
 x - a +0 kite shield
 y - a +0 helmet
 D - +0 steam dragon scales
 G - a +2 cloak (worn)
 L - the +3 pair of gauntlets of War (worn) {Slay+5}
   (You acquired it on level 1 of the Lair of Beasts)

   Slay+5:    It affects your accuracy & damage with ranged weapons and melee
   (+5).
Jewellery
 g - the ring of Saemisk (left hand) {rC+ rN+}
   (You found it on level 5 of the Dungeon)

   [ring of protection from cold]

   rC+:       It protects you from cold.
   rN+:       It protects you from negative energy.
 E - a +6 ring of dexterity (right hand)
 I - a ring of ice
 Q - an amulet of the acrobat (around neck)
Wands
 b - a wand of charming (8)
 w - a wand of iceblast (39)
 J - a wand of light (8)
 P - a wand of digging (3)
Scrolls
 h - a scroll of blinking
 k - a scroll of poison
 n - 3 scrolls of enchant weapon
 s - 3 scrolls of teleportation
 u - a scroll of amnesia
 A - a scroll of vulnerability
 B - a scroll of noise {unknown}
 C - a scroll of fog {unknown}
 F - a scroll of silence
Potions
 a - a potion of enlightenment
 c - 2 potions of invisibility
 d - a potion of might
 e - a potion of resistance
 f - 3 potions of lignification
 i - 4 potions of brilliance
 j - 4 potions of mutation
 q - 3 potions of heal wounds
 t - 3 potions of cancellation
 z - 3 potions of curing
 K - a potion of haste
 M - a potion of attraction
 O - 5 potions of ambrosia


   Skills:
 + Level 6.3 Fighting
 - Level 10.0 Short Blades
 - Level 9.0 Dodging
 - Level 15.0 Stealth
 + Level 5.8 Spellcasting
 - Level 1.0 Conjurations
 - Level 11.0 Hexes
 + Level 7.1 Necromancy
 + Level 2.8 Translocations
 - Level 1.0 Ice Magic


You had 4 spell levels left.
You knew the following spells:

 Your Spells              Type           Power      Damage    Failure   Level
a - Ensorcelled Hibernat  Hex/Ice        62%        N/A       1%          2
b - Confusing Touch       Hex            51%        N/A       1%          3
c - Tukima's Dance        Hex            51%        N/A       1%          3
d - Blink                 Tloc           34%        N/A       7%          2
e - Dazzling Flash        Conj/Hex       62%        N/A       3%          3
f - Animate Dead          Necr           35%        N/A       9%          4
g - Apportation           Tloc           34%        N/A       4%          1

Your spell library contained the following spells:

 Spells                   Type           Power      Damage    Failure   Level
 Necrotise                Necr           100%       1d9       1%          1
 Sublimation of Blood     Necr           35%        N/A       1%          2
 Kiss of Death            Conj/Necr      92%        2d12      2%          1
 Anguish                  Hex/Necr       22%        N/A       3%          4
 Lesser Beckoning         Tloc           34%        N/A       7%          2
 Momentum Strike          Conj/Tloc      28%        3d8       11%         2
 Sting                    Conj/Alch      32%        1d5       12%         1
 Summon Small Mammal      Summ           24%        N/A       16%         1
 Static Discharge         Conj/Air       16%        3-4/arc   19%         2
 Ozocubu's Armour         Ice            10%        N/A       30%         3
 Martyr's Knell           Necr/Summ      21%        N/A       34%         4
 Passwall                 Erth           6%         N/A       41%         3
 Swiftness                Air            6%         N/A       41%         3
 Airstrike                Air            3%         2d(1-17)  83%         4
 Leda's Liquefaction      Alch/Erth      3%         N/A       83%         4
 Summon Lightning Spire   Summ/Air       6%         N/A       83%         4
 Metabolic Englaciation   Hex/Ice        15%        N/A       34%         5
 Borgnjor's Vile Clutch   Necr/Erth      10%        N/A       67%         5
 Death Channel            Necr           17%        N/A       77%         6
 Lee's Rapid Deconstruct  Erth           3%         3d5*      99%         5
 Bombard                  Conj/Erth      4%         9d2       100%        6
 Sculpt Simulacrum        Ice/Alch       4%         N/A       100%        6


Dungeon Overview and Level Annotations

Branches:
Dungeon (12/15)            Temple (1/1) D:6            Lair (2/5) D:8
  Swamp (0/4) Lair:2       Bailey (visited)
  Snake: Lair:2-3    Spider: Lair:2-3       Orc: D:9-12

Altars:
Ashenzari
Cheibriados
Dithmenos
Fedhas
Gozag
Hepliaklqana
Kikubaaqudgha
Makhleb
Nemelex Xobeh
Okawaru
Qazlal
Ru
Sif Muna
Trog
Uskayaw
Vehumet
Wu Jian
Xom
Yredelemnul

Shops:
D:8 [

Annotations:
D:5 4 runed translucent doors
D:10 3 runed translucent doors, Jaukkuri's ghost, journeyman DEMo


Innate Abilities, Weirdness & Mutations

You do not regenerate when monsters are visible.
You are frail without blood (-20% HP).
You can heal yourself when you bite living creatures.
You are immune to poison.
You have razor-sharp teeth.
You have supernaturally acute eyesight. (SInv)
You are afflicted with vampirism and can become a bat while bloodless.


Message History

The blink frog croaks.
You puncture the eleionoma!
The eleionoma is lightly wounded.
You hear a croak.
You hear an angry hiss.
The blink frog blinks!
A blink frog comes into view.
The blink frog hits you.
Casting: Animate Dead (dangerous; 9% risk of failure)
Confirm with . or Enter, or press ? or * to list all spells.
Aiming: Ensorcelled Hibernation (safe; 1% risk of failure)
Press: ? - help, Shift-Dir - straight line, f - blink frog, p - eleionoma
Aim: a blink frog (chance to affect: 43%)
The blink frog resists with some effort.
The blink frog closely misses you.
The eleionoma hurls a spray of splinters at you.
The spray of wooden splinters hits you! The blink frog hits you.
The blink frog closely misses you. The water moccasin bites you.
Unknown command.
Casting: Ensorcelled Hibernation (safe; 1% risk of failure)
Confirm with . or Enter, or press ? or * to list all spells.
Aiming: Ensorcelled Hibernation (safe; 1% risk of failure)
Press: ? - help, Shift-Dir - straight line, f - water moccasin, p - blink frog
Aim: a water moccasin (chance to affect: 61%)
The water moccasin resists with significant effort.
The eleionoma hits you! The blink frog hits you! The water moccasin bites you!
* * * LOW HITPOINT WARNING * * *
The blink frog hits you!
* * * LOW HITPOINT WARNING * * *
Unknown command.
As you read the scroll of fear, it crumbles to dust.
You assume a fearsome visage.
The eleionoma easily resists.
The butterfly looks frightened!
The blink frog looks frightened! x3
The water moccasin looks frightened!
The blink frog blinks! x2
The eleionoma completely misses you.
The blink frog blinks! x3
Unknown command.
Unknown command.
Unknown command.
The blink frog blinks! x3; The eleionoma hits you.
You die...
Kikubaaqudgha rasps: "You have failed me!
Welcome... oblivion!"

..............#..##.#...#...#
..............##.....†##.....#
..........)<...#####.#.#.#.###
..............§.........#...#
........>.^.§..........#.....#
..................P.....8.<.
..
...................P.#.#.....
.
..#P.P#.###F..§.§.#####.#.8.##
########...§@...## .#####
##...R....# ## #....§..##
#........# #.........#
.S.....§..§.# .........~♣§§♣
......b...§F§§♣
..........♣§§§♣


You could see an eleionoma, 2 blink frogs and a water moccasin (fleeing).

Vanquished Creatures
  A catoblepas (Lair:1)
  2 two-headed ogres
  Urug (Lair:2)
  Sonja (D:10)
  Amaemon (D:9)
  A cyclops (D:11)
  Maurice (D:9)
  A black mamba (Lair:2)
  A gargoyle (D:11)
  An orange demon (D:9)
  A cane toad (Lair:2)
  A rime drake (Lair:2)
  A komodo dragon (D:11)
  Maggie (D:6)
  Psyche (D:9)
  A troll (D:10)
  A queen bee (D:10)
  Prince Ribbit (D:6)
  A hornet (D:11)
  A vampire (D:10)
  A wyvern (Lair:2)
  A shadow (D:5)
  21 yaks
  A wraith (D:11)
  A human (shapeshifter) (D:10)
  3 steam dragons
  An acid dragon (D:8)
  5 water moccasins
  Duvessa (D:7)
  3 orc warriors
  A sky beast (D:6)
  A black bear (Lair:1)
  3 ogres
  14 wolves
  2 phantoms (D:5)
  3 centaurs
  A kobold brigand (D:8)
  5 bullfrogs
  4 gnoll sergeants (Bailey)
  A scorpion (D:6)
  4 wights (D:9)
  Dowan (D:7)
  21 killer bees
  4 howler monkeys
  4 hounds
  6 orc priests
  3 bombardier beetles
  6 gnoll boudas (Bailey)
  3 sleepcaps
  7 iguanas
  8 orc wizards
  Ijyb (D:4)
  Robin (D:4)
  28 gnolls
  6 adders
  A shadow imp (D:5)
  2 white imps (D:7)
  3 ufetubi
  A ribbon worm (D:2)
  18 orcs
  4 ball pythons
  6 bats
  8 endoplasms
  3 giant cockroaches
  17 goblins
  13 hobgoblins
  11 kobolds
  5 quokkas
  A frilled lizard (D:2)
  5 rats
295 creatures vanquished.

Vanquished Creatures (collateral kills)
  A komodo dragon (Lair:1)
  A wraith (D:11)
  4 wolves
  4 gnoll sergeants
  7 killer bees
  A gnoll bouda (Bailey)
  A gnoll (Bailey)
19 creatures vanquished.

Vanquished Creatures (others)
  3 wolf zombies
  4 killer bee zombies (D:11)
  11 gnoll zombies (Bailey)
  3 orcs
21 creatures vanquished.

Grand Total: 335 creatures vanquished

Notes
Turn   | Place    | Note
-------+----------+-------------------------------------------
     0 | D:1      | Aldia the Vampire Enchanter began the quest for the Orb.
     0 | D:1      | Reached XP level 1. HP: 13/13 MP: 3/3
   256 | D:1      | Reached XP level 2. HP: 15/15 MP: 5/5
   308 | D:1      | Learned a level 2 spell: Ensorcelled Hibernation
   538 | D:2      | Reached skill level 5 in Stealth
   746 | D:2      | Gained mutation: You are afflicted with vampirism and can
                  | become a bat while bloodless. [Vampire growth]
   746 | D:2      | Reached XP level 3. HP: 19/19 MP: 6/6
   750 | D:2      | Learned a level 3 spell: Confusing Touch
   777 | D:2      | Identified the +4 leather armour of Philately {Dex+2}
   811 | D:2      | Reached skill level 1 in Ice Magic
  1115 | D:2      | Reached skill level 6 in Stealth
  1115 | D:2      | Reached XP level 4. HP: 24/24 MP: 7/7
  1604 | D:3      | Reached XP level 5. HP: 27/28 MP: 8/8
  1705 | D:3      | Learned a level 3 spell: Tukima's Dance
  1981 | D:3      | Identified the +0 pair of boots of Puptioziom {Fly}
  2162 | D:4      | Reached skill level 7 in Stealth
  2162 | D:4      | Reached skill level 5 in Hexes
  2469 | D:4      | Reached XP level 6. HP: 32/32 MP: 0/9
  2748 | D:4      | Noticed Robin
  2757 | D:4      | Killed Robin
  2774 | D:4      | Reached skill level 8 in Stealth
  2998 | D:4      | Found a shimmering blue altar of Sif Muna.
  2999 | D:4      | Found an iron altar of Okawaru.
  3041 | D:4      | Noticed Ijyb
  3055 | D:4      | Killed Ijyb
  3104 | D:4      | Reached skill level 5 in Short Blades
  3149 | D:5      | Entered Level 5 of the Dungeon
  3149 | D:5      | Noticed an orc warrior
  3149 | D:5      | Noticed an orc warrior
  3149 | D:5      | Found a large runed translucent door.
  3149 | D:5      | Found a large runed translucent door.
  3153 | D:5      | Noticed a shadow
  3171 | D:5      | Identified the ring of Saemisk {rC+ rN+}
  3211 | D:5      | Found a large runed translucent door.
  3211 | D:5      | Found a large runed translucent door.
  3507 | D:5      | Reached XP level 7. HP: 37/37 MP: 7/10
  3510 | D:5      | Learned a level 2 spell: Blink
  3671 | D:5      | Reached skill level 1 in Fighting
  3823 | D:5      | Killed a shadow
  3824 | D:5      | Reached XP level 8. HP: 44/45 MP: 8/12
  3828 | D:5      | Learned a level 3 spell: Dazzling Flash
  4058 | D:6      | Noticed Prince Ribbit
  4060 | D:6      | Killed Prince Ribbit
  4081 | D:6      | Noticed Maggie
  4138 | D:6      | Killed Maggie
  4139 | D:6      | Reached skill level 5 in Dodging
  4371 | D:6      | Reached XP level 9. HP: 52/52 MP: 13/13
  4432 | D:6      | Reached skill level 9 in Stealth
  4826 | D:6      | Found a staircase to the Ecumenical Temple.
  4833 | Temple   | Entered the Ecumenical Temple
  4874 | Temple   | Became a worshipper of Kikubaaqudgha
  4973 | D:7      | Reached skill level 10 in Stealth
  5134 | D:7      | Found a stormy altar of Qazlal.
  5135 | D:7      | Found a sparkling altar of Nemelex Xobeh.
  5275 | D:7      | Found a burning altar of Makhleb.
  5275 | D:7      | Noticed a balrug
  5278 | D:7      | Noticed a smoke demon
  5452 | D:7      | Noticed Duvessa
  5452 | D:7      | Noticed Dowan
  5456 | D:7      | Killed Duvessa
  5459 | D:7      | Killed Dowan
  5530 | D:8      | Reached skill level 10 in Hexes
  5696 | D:8      | Reached * piety under Kikubaaqudgha
  5696 | D:8      | Received a gift from Kikubaaqudgha
  5729 | D:8      | Reached skill level 11 in Stealth
  5962 | D:8      | Found a staircase to the Lair.
  5966 | D:8      | Reached skill level 1 in Conjurations
  6028 | D:8      | Reached skill level 12 in Stealth
  6260 | D:8      | Found Dauxkang's Antique Armour Boutique.
  6274 | D:8      | Noticed a two-headed ogre
  6279 | D:8      | Killed a two-headed ogre
  6280 | D:8      | Reached XP level 10. HP: 57/57 MP: 11/15
  6866 | D:9      | Noticed Psyche
  6874 | D:9      | Killed Psyche
  6874 | D:9      | Reached ** piety under Kikubaaqudgha
  6881 | D:9      | Learned a level 4 spell: Animate Dead
  6883 | D:9      | Learned a level 1 spell: Apportation
  6925 | D:9      | Reached skill level 5 in Spellcasting
  6928 | D:9      | Reached skill level 5 in Fighting
  6933 | D:9      | Reached skill level 1 in Necromancy
  7048 | D:9      | Noticed Maurice
  7125 | D:9      | Killed Maurice
  7276 | D:9      | Noticed an orange demon
  7278 | D:9      | Noticed Amaemon
  7283 | D:9      | Killed an orange demon
  7290 | D:9      | Killed Amaemon
  7291 | D:9      | Reached XP level 11. HP: 64/64 MP: 9/18
  7864 | D:10     | Entered Level 10 of the Dungeon
  7883 | D:10     | Noticed a two-headed ogre
  7884 | D:10     | Found a runed translucent gate.
  7885 | D:10     | Found a runed translucent gate.
  7886 | D:10     | Found a runed translucent gate.
  7888 | D:10     | Noticed Jaukkuri's ghost (journeyman DEMo)
  7917 | D:10     | Found a flagged portal.
  7921 | D:10     | Noticed Sonja
  7931 | D:10     | Killed Sonja
  7932 | D:10     | Reached skill level 13 in Stealth
  7943 | Bailey   | Entered a bailey
  8209 | Bailey   | Reached *** piety under Kikubaaqudgha
  8209 | Bailey   | Received a gift from Kikubaaqudgha
  9147 | D:10     | Reached skill level 10 in Short Blades
  9194 | D:10     | Reached skill level 5 in Necromancy
  9485 | D:11     | Reached skill level 14 in Stealth
  9558 | D:11     | Reached **** piety under Kikubaaqudgha
  9602 | D:11     | Noticed a two-headed ogre
  9611 | D:11     | Killed a two-headed ogre
  9620 | D:11     | Reached skill level 1 in Translocations
 10235 | Lair:1   | Entered Level 1 of the Lair of Beasts
 10274 | Lair:1   | Reached XP level 12. HP: 67/70 MP: 11/19
 10306 | Lair:1   | Identified a scroll of acquirement
 10307 | Lair:1   | Acquired the +3 pair of gauntlets of War {Slay+5}
 10307 | Lair:1   | Found the +3 pair of gauntlets of War {Slay+5}
 10555 | Lair:1   | Noticed a catoblepas
 10577 | Lair:1   | Killed a catoblepas
 10578 | Lair:1   | Reached skill level 15 in Stealth
 11424 | Lair:2   | Noticed Urug
 11432 | Lair:2   | Killed Urug
 11453 | Lair:2   | Found a staircase to the Swamp.
 11453 | Lair:2   | Noticed an eleionoma
 11465 | Lair:2   | Slain by an eleionoma

Illustrated notes

Levels and vault maps discovered:
D:1:      ncdulo_lavacross, layout_rooms
D:2:      minmay_chambers_of_ones, layout_loops_ring
D:3:      layout_rooms, serial_co_window_serial, co_window_corner_a,
          co_window_corner_a, co_window_corner_a, co_window_paths_a,
          co_window_paths_a, co_window_unsneaky_path_d, co_window_corner_ca,
          co_window_corner_cb, co_window_broadway_b, co_window_broadway_a,
          co_window_4corner_b, glass_columns_a, glass_columns_a
D:4:      layout_rooms, grunt_temple_overflow_open, skrybe_limestone_x,
          minmay_misc_feat_encased, minmay_close_crescents, uniq_ijyb,
          uniq_robin
D:5:      layout_rooms, mainiacjoe_overflow_24_doors,
          minmay_hollow_rounded_squares
D:6:      layout_basic, minmay_temple_entry_enclosed_plants, uniq_maggie,
          uniq_prince_ribbit1
D:7:      layout_rooms, gammafunk_temple_overflow_claw,
          makhleb_altar_promises_db, uniq_duvessa
D:8:      layout_basic, erik_lair_orcish_takeover, serial_shops,
          kennysheep_little_box
D:9:      layout_small_grid, uniq_psyche, uniq_maurice, uniq_amaemon
D:10:     layout_loops_ring, gammafunk_ghost_split, special_room
          [special_room_bee], enter_bailey_5, uniq_sonja
D:11:     layout_irregular_city
D:12:     layout_gridville, orc_0_dummy, uniq_snorg, uniq_fannar
Temple:   hellmonk_temple_of_storms
Lair:1:   layout_cellular_growth
Lair:2:   layout_big_grid, alex1729_swamp_entry_worm_eleionoma,
          lemuel_fruit_fields, grunt_megastairs_1, uniq_urug

Skill      XL: |  1  2  3  4  5  6  7  8  9 10 11 12 |
---------------+-------------------------------------+-----
Stealth        | 5 6 7 8 12 14 15 | 15.0
Short Blades   | 2 3 4 5 8 9 10 | 10.0
Ice Magic      | 1 |  1.0
Hexes          | 5 6 8 9 10 11 | 11.0
Fighting       | 2 4 5 6 |  6.3
Dodging        | 3 6 8 9 |  9.0
Spellcasting   | 3 5 |  5.8
Conjurations   | 1 |  1.0
Necromancy     | 2 6 7 |  7.1
Translocations | 1 2 |  2.8

Action                     |  1- 3 |  4- 6 |  7- 9 | 10-12 || total
---------------------------+-------+-------+-------+-------++-------
  Melee: Dagger            |    69 |   159 |   222 |   496 ||   946
         Bite              |     6 |    18 |    34 |    65 ||   123
         Punch             |       |     2 |     2 |    11 ||    15
   Cast: Ensorcelled Hiber |     4 |    24 |    28 |    74 ||   130
         Confusing Touch   |       |     3 |     4 |     4 ||    11
         Dazzling Flash    |       |       |     3 |       ||     3
         Tukima's Dance    |       |       |       |     5 ||     5
         Animate Dead      |       |       |       |     7 ||     7
Ability: Exsanguinate      |     1 |       |       |       ||     1
  Evoke: Wand              |       |       |       |     6 ||     6
    Use: Scroll            |       |     9 |     4 |    14 ||    27
         Potion            |       |     2 |       |     1 ||     3
   Stab: Sleeping          |    12 |    33 |    24 |    55 ||   124
         Confused          |       |     3 |     5 |     4 ||    12
         Invisible         |       |       |     4 |     1 ||     5
         Distracted        |       |       |     1 |     6 ||     7
 Armour: Robe              |    28 |    64 |       |       ||    92
         Leather armour    |       |     7 |   130 |   228 ||   365
  Dodge: Dodged            |    41 |    84 |   205 |   465 ||   795
